 Dungeon Crawl Stone Soup version 0.28-a0-691-gad6df49e81 (webtiles) character file.

Game seed: 7211336296248081806

616 ytrimaz the Chopper (level 7, -4/56 HPs)
             Began as a Formicid Fighter on Oct 21, 2021.
             Slain by a lemure (8 damage)
             ... led by Pikel
             ... on level 4 of the Dungeon.
             The game lasted 00:05:50 (4386 turns).

ytrimaz the Chopper (Formicid Fighter)              Turns: 4386, Time: 00:05:51

Health: -4/56      AC:  6    Str: 29    XL:     7   Next: 73%
Magic:  7/7        EV: 10    Int:  7    God:
Gold:   165        SH:  9    Dex: 10    Spells: 6/6 levels left

rFire   . . .      SeeInvis +   a - +0 war axe (vorpal)
rCold   . . .      Faith    .   c - +0 buckler
rNeg    . . .      Spirit   .   b - +0 scale mail
rPois   +          Reflect  +   (helmet unavailable)
rElec   .          Harm     .   (no cloak)
rCorr   .          Rampage  .   (no gloves)
Will    .....                   (no boots)
Stlth   ..........              d - amulet of reflection
HPRegen 0.18/turn               f - ring of poison resistance
MPRegen 0.10/turn               h - +6 ring of strength

@: brilliant
A: permanent stasis, dig shafts and tunnels, antennae 3, four strong arms
a: Dig, Shaft Self


You were on level 4 of the Dungeon.
You visited 1 branch of the dungeon, and saw 4 of its levels.
You also visited: Sewer.

You collected 165 gold pieces.

Inventory:

Hand Weapons
 a - a +0 vorpal war axe (weapon)
Armour
 b - a +0 scale mail (worn)
 c - a +0 buckler (worn)
 o - a +0 cloak
Jewellery
 d - an amulet of reflection (around neck)
 f - a ring of poison resistance (left hand)
 h - a +6 ring of strength (right hand)
 k - a ring of protection from fire
 l - a ring of magical power
Wands
 e - a wand of digging (6)
 g - a wand of mindburst (12)
Potions
 m - 3 potions of flight
 n - 3 potions of mutation
 p - a potion of haste


   Skills:
 - Level 5.0 Fighting
 + Level 7.2 Axes
 - Level 3.2 Armour
 - Level 3.6 Shields


You had 6 spell levels left.
You didn't know any spells.
Your spell library contained the following spells:

 Spells                   Type           Power      Damage    Failure   Level
 Animate Skeleton         Necr           0%         N/A       69%         1
 Apportation              Tloc           0%         N/A       69%         1
 Summon Small Mammal      Summ           0%         N/A       69%         1
 Ensorcelled Hibernation  Hex/Ice        0%         N/A       83%         2
 Gell's Gravitas          Tloc           0%         N/A       96%         3
 Lesser Beckoning         Tloc           0%         N/A       96%         3
 Teleport Other           Tloc           0%         N/A       96%         3
 Tukima's Dance           Hex            0%         N/A       96%         3


Dungeon Overview and Level Annotations

Branches:
Dungeon (4/15)              Sewer (visited)
 Temple: D:4-7

Altars:
Qazlal

Annotations:
D:4 Pikel


Innate Abilities, Weirdness & Mutations

You cannot be hasted, slowed, berserked, paralysed or teleported.
You can dig through walls and to a lower floor.
You have a pair of large antennae on your head. (SInv)
Your four strong arms can wield two-handed weapons with a shield.


Message History

The lemure closely misses you. Pikel barely misses you. The lemure hits you.
The lemure closely misses you.
Unknown command.
It was a potion of brilliance.
You feel clever all of a sudden. The lemure closely misses you.
The lemure hits you but does no damage. Pikel barely misses you.
The lemure hits you!
You slash Pikel!
Pikel is severely wounded.
You hit the lemure. You closely miss the lemure. You hit the lemure.
You block the lemure's attack. You block Pikel's attack.
You block the lemure's attack. The lemure hits you.
You barely miss Pikel.
Pikel is severely wounded.
You hit the lemure but do no damage.
Your scale mail prevents you from hitting the lemure.
You hit the lemure. You block the lemure's attack.
Pikel hits you with a +2 whip of freezing.
Pikel freezes you. The lemure hits you. You block the lemure's attack.
You slash Pikel!
Pikel is almost dead.
You hit the lemure but do no damage. You hit the lemure.
You hit the lemure but do no damage. The lemure closely misses you.
You block Pikel's attack. The lemure hits you.
* * * LOW HITPOINT WARNING * * *
The lemure hits you.
* * * LOW HITPOINT WARNING * * *
The lemure barely misses you.
Okay, then.
You aren't carrying any scrolls.
You closely miss Pikel.
Pikel is almost dead.
You slash the lemure! You closely miss the lemure. x2
You block the lemure's attack.
Pikel hits you with a +2 whip of freezing.
* * * LOW HITPOINT WARNING * * *
Pikel freezes you.
* * * LOW HITPOINT WARNING * * *
The lemure barely misses you. The lemure hits you!
You die...

....................
.................... .
.................... ..
.................... ...
.#####..............
.... ##............>
..... ##........(.....
......###.........†.....
.....S5@5........)......
#.....K#5....†...##.....
#.....5#.......#########
#.............## #
#......#####..# #
#....## ##.# ##..# #.#
#.# ###


You could see Pikel, 4 lemures and an adder.

Vanquished Creatures
  Grinder (D:3)
  Sigmund (D:3)
  A hound (D:4)
  Natasha (D:4)
  An orc wizard (D:4)
  A hound skeleton (D:4)
  5 adders
  6 worms
  2 dart slugs
  6 orcs
  14 bats
  8 endoplasms
  9 giant cockroaches
  4 goblins
  6 hobgoblins
  5 jackals
  2 kobolds
  6 quokkas
  4 ball pythons
  6 frilled lizards
  7 rats
96 creatures vanquished.

Notes
Turn   | Place    | Note
-------+----------+-------------------------------------------
     0 | D:1      | ytrimaz the Formicid Fighter began the quest for the Orb.
     0 | D:1      | Reached XP level 1. HP: 18/18 MP: 1/1
   223 | D:1      | Reached XP level 2. HP: 23/25 MP: 2/2
   904 | D:1      | Found a faded altar of an unknown god.
  1055 | D:2      | Found a stormy altar of Qazlal.
  1095 | D:2      | Reached XP level 3. HP: 23/30 MP: 3/3
  1444 | D:2      | Reached skill level 3 in Axes
  1447 | D:2      | Reached XP level 4. HP: 37/38 MP: 4/4
  1929 | D:3      | Noticed Grinder
  1938 | D:3      | Killed Grinder
  1939 | D:3      | Reached skill level 5 in Fighting
  1939 | D:3      | Reached skill level 5 in Axes
  1939 | D:3      | Reached XP level 5. HP: 9/44 MP: 5/5
  1939 | D:3      | Reached XP level 6. HP: 10/51 MP: 6/6
  2572 | D:3      | Noticed Sigmund
  2613 | D:3      | Killed Sigmund
  2614 | D:3      | Reached skill level 6 in Axes
  2614 | D:3      | Reached XP level 7. HP: 36/56 MP: 7/7
  3111 | D:4      | Noticed Natasha
  3118 | D:4      | Killed Natasha
  3384 | D:4      | Found a glowing drain.
  3471 | Sewer    | Entered a sewer
  3484 | Sewer    | Reached skill level 7 in Axes
  4371 | D:4      | Noticed Pikel
  4386 | D:4      | Slain by a lemure

Illustrated notes

Levels and vault maps discovered:
D:1:      ncdulo_lavacross, layout_rooms,
          hellmonk_ecumenical_altar_leap_of_faith, serial_park_tiny_1,
          kennysheep_small_spiral, serial_bayou_pond_a, fountainhead, hex_large
D:2:      layout_basic, basic_altar
D:3:      layout_basic, serial_glass, glass_columns_a, glass_columns_c,
          uniq_grinder, uniq_sigmund
D:4:      gammafunk_cloud_chamber, layout_layer_cave, gup_sewer_entry_glass,
          chequers_serial_rivers_micro_a, uniq_pikel, uniq_natasha

Skill      XL: |  1  2  3  4  5  6  7 |
---------------+----------------------+-----
Fighting       | 4 5 |  5.0
Axes           | 3 5 6 7 |  7.2
Armour         | |  3.2
Shields        | |  3.6

Action                   |  1- 3 |  4- 6 |  7- 9 || total
-------------------------+-------+-------+-------++-------
Melee: War axe           |    95 |    73 |    99 ||   267
 Abil: Dig               |       |       |     7 ||     7
  Use: Potion            |       |     4 |     2 ||     6
       Scroll            |       |     3 |     3 ||     6
Armor: Scale mail        |    45 |    27 |    89 ||   161
       Skin              |       |    15 |       ||    15
Dodge: Dodged            |    54 |    30 |   133 ||   217
Block: Buckler           |    28 |    29 |   122 ||   179
       Reflection        |       |       |     1 ||     1

Table legend: (Time is in decaauts)
 A = Elapsed time spent in this place.
 B = Non-inter-level travel time spent in this place.
 C = Inter-level travel time spent in this place.
 D = Time resting spent in this place.
 E = Time spent auto-exploring this place.
 F = Levels seen in this place.
 G = Mean time per level.
                   A        B        C        D        E       F      G
               +--------+--------+--------+--------+--------+-----+--------+
         Total |   4576 |   4538 |     38 |    840 |   2553 |   5 |  915.2 |
       Dungeon |   3946 |   3908 |     38 |    840 |   2279 |   4 |  986.5 |
         Sewer |    630 |    630 |      0 |      0 |    273 |   1 |  630.0 |
               +--------+--------+--------+--------+--------+-----+--------+

Top non-repeatable levels by time:
     D:3: 1327 daAuts
     D:1: 1075 daAuts
     D:4: 816 daAuts
     D:2: 726 daAuts
   Sewer: 630 daAuts
